TOP OF THE 1ST |
---|
Palmyra Overlords batting - Pitching for Washington DC Hot Sauce : LHP Victor Mooney | Pitching: LHP Victor Mooney | | Batting: LHB Chris Hutchison | 0-0: Ball 1-0: Ball 2-0: Called Strike 2-1: Ball 3-1: Base on Balls | Batting: RHB Jesús Salazar | 0-0: Ball 1-0: Ball 2-0: Called Strike 2-1: Fly out, F9 (Flyball, 89M) | Batting: RHB Enrico Castro | 0-0: Ball 1-0: Ball 2-0: Fly out, F8 (Flyball, 8RS) | Batting: RHB José Gonzáles | 0-0: Ball 1-0: Called Strike 1-1: SINGLE (Flyball, 78S) Chris Hutchison to second | Batting: RHB Tom Robinson | 0-0: Ball 1-0: SINGLE (Line Drive, 6D) Chris Hutchison to third José Gonzáles to second Runner from 3rd tries for Home, SAFE, no throw | Batting: LHB Howard Anderson | 0-0: Foul Ball, location: 2F 0-1: Called Strike 0-2: Ball 1-2: Strikes out looking | Top of the 1st over - 1 run, 2 hits, 0 errors, 2 left on base; Palmyra 1 - Washington DC 0 | BOTTOM OF THE 1ST |
---|
Washington DC Hot Sauce batting - Pitching for Palmyra Overlords : LHP Ramón Sánchez | Pitching: LHP Ramón Sánchez | | Batting: RHB Daniel Pineda | 0-0: Ball 1-0: Ball 2-0: Foul Ball, location: 2F 2-1: Foul Ball, location: 2F 2-2: Ball 3-2: Strikes out swinging | Batting: RHB Eric Adams | 0-0: Foul Ball, location: 2F 0-1: Ball 1-1: Ball 2-1: Foul Ball, location: 2F 2-2: SINGLE (Groundball, 56) (infield hit) | Batting: RHB Kenny Miller | 0-0: Ball 1-0: Ground out 4-3 (Groundball, 34) Eric Adams to second | Batting: RHB Nelson Wright | 0-0: Ball 1-0: Ball 2-0: Foul Ball, location: 2F 2-1: Foul Ball, location: 2F 2-2: Strikes out swinging | Bottom of the 1st over - 0 runs, 1 hit, 0 errors, 1 left on base; Palmyra 1 - Washington DC 0 | TOP OF THE 2ND |
---|
Palmyra Overlords batting - Pitching for Washington DC Hot Sauce : LHP Victor Mooney | Batting: SHB Fred Noble | 0-0: Called Strike 0-1: Called Strike 0-2: Ball 1-2: Ball 2-2: Ball 3-2: Foul Ball, location: 2F 3-2: Base on Balls | Batting: RHB Rafael Castro | 0-0: Ball 1-0: Ball 2-0: Ball 3-0: Called Strike 3-1: Grounds into double play, 6-4-3 (Groundball, 56D) | Batting: RHB José Acuña | 0-0: Swinging Strike 0-1: Ball 1-1: Ball 2-1: Called Strike 2-2: Strikes out swinging | Top of the 2nd over - 0 runs, 0 hits, 0 errors, 0 left on base; Palmyra 1 - Washington DC 0 | BOTTOM OF THE 2ND |
---|
Washington DC Hot Sauce batting - Pitching for Palmyra Overlords : LHP Ramón Sánchez | Batting: RHB José Isla | 0-0: Swinging Strike 0-1: Foul Ball, location: 2F 0-2: Ball 1-2: Ball 2-2: Ball 3-2: Strikes out swinging | Batting: RHB Jesús García | 0-0: Ball 1-0: Ball 2-0: Ball 3-0: Called Strike 3-1: Foul Ball, location: 2F 3-2: SINGLE (Groundball, 56D) | Batting: RHB Mark Roy | 0-0: Called Strike 0-1: Grounds into double play, 4-6-3 (Groundball, 4M) | Bottom of the 2nd over - 0 runs, 1 hit, 0 errors, 0 left on base; Palmyra 1 - Washington DC 0 | TOP OF THE 3RD |
---|
Palmyra Overlords batting - Pitching for Washington DC Hot Sauce : LHP Victor Mooney | Batting: LHB Chris Hutchison | 0-0: Swinging Strike 0-1: Fly out, F3 (Line Drive, 3S) | Batting: RHB Jesús Salazar | 0-0: Foul Ball, location: 2F 0-1: Foul Ball, location: 2F 0-2: Fly out, F7 (Flyball, 7S) | Batting: RHB Enrico Castro | 0-0: Ball 1-0: Fly out, F8 (Flyball, 8LD) | Top of the 3rd over - 0 runs, 0 hits, 0 errors, 0 left on base; Palmyra 1 - Washington DC 0 | BOTTOM OF THE 3RD |
---|
Washington DC Hot Sauce batting - Pitching for Palmyra Overlords : LHP Ramón Sánchez | Batting: SHB Jared Calhoun | 0-0: Called Strike 0-1: Fly out, F7 (Flyball, 78S) | Batting: LHB Jim Hutchinson | 0-0: Ground out 4-3 (Groundball, 4) | Batting: RHB Daniel Pineda | 0-0: Swinging Strike 0-1: Ball 1-1: Ball 2-1: Foul Ball, location: 2F 2-2: Ball 3-2: Fly out, F9 (Flyball, 89S) | Bottom of the 3rd over - 0 runs, 0 hits, 0 errors, 0 left on base; Palmyra 1 - Washington DC 0 | TOP OF THE 4TH |
---|
Palmyra Overlords batting - Pitching for Washington DC Hot Sauce : LHP Victor Mooney | Batting: RHB José Gonzáles | 0-0: Ball 1-0: Foul Ball, location: 2F 1-1: Fly out, F8 (Flyball, 8LM) | Batting: RHB Tom Robinson | 0-0: Ball 1-0: Fly out, F5 (Flyball, 5D) | Batting: LHB Howard Anderson | 0-0: Ball 1-0: Ball 2-0: Ball 3-0: Called Strike 3-1: Called Strike 3-2: Foul Ball, location: 2F 3-2: Ground out U3 (Groundball, 3) | Top of the 4th over - 0 runs, 0 hits, 0 errors, 0 left on base; Palmyra 1 - Washington DC 0 | BOTTOM OF THE 4TH |
---|
Washington DC Hot Sauce batting - Pitching for Palmyra Overlords : LHP Ramón Sánchez | Batting: RHB Eric Adams | 0-0: Swinging Strike 0-1: Ball 1-1: Ground out 1-3 (Groundball, 15S) | Batting: RHB Kenny Miller | 0-0: Called Strike 0-1: Foul Ball, location: 2F 0-2: Strikes out swinging | Batting: RHB Nelson Wright | 0-0: Ball 1-0: SINGLE (Line Drive, 6) | Batting: RHB José Isla | 0-0: Fly out, F7 (Flyball, 7LS) | Bottom of the 4th over - 0 runs, 1 hit, 0 errors, 1 left on base; Palmyra 1 - Washington DC 0 | TOP OF THE 5TH |
---|
Palmyra Overlords batting - Pitching for Washington DC Hot Sauce : RHP Román Peña | Pitching: RHP Román Peña | | Batting: SHB Fred Noble | 0-0: Ground out 6-3 (Groundball, 6) | Batting: RHB Rafael Castro | 0-0: Called Strike 0-1: Swinging Strike 0-2: Strikes out swinging | Batting: RHB José Acuña | 0-0: Ball 1-0: Ball 2-0: Called Strike 2-1: Fly out, F4 (Line Drive, 4) | Top of the 5th over - 0 runs, 0 hits, 0 errors, 0 left on base; Palmyra 1 - Washington DC 0 | BOTTOM OF THE 5TH |
---|
Washington DC Hot Sauce batting - Pitching for Palmyra Overlords : LHP Ramón Sánchez | Batting: RHB Jesús García | 0-0: Ball 1-0: Foul Ball, location: 2F 1-1: Called Strike 1-2: Strikes out swinging | Batting: RHB Mark Roy | 0-0: Foul Ball, location: 2F 0-1: Ball 1-1: SINGLE (Groundball, 6MD) | Batting: SHB Jared Calhoun | 0-0: Ball 1-0: Called Strike 1-1: Ball 2-1: Foul Ball, location: 2F 2-2: Ball 3-2: Base on Balls Mark Roy to second | Batting: LHB Jim Hutchinson | 0-0: Ball 1-0: Called Strike 1-1: Swinging Strike 1-2: Ball 2-2: Strikes out looking | Batting: RHB Daniel Pineda | 0-0: Ball 1-0: Called Strike 1-1: SINGLE (Groundball, 4MD) Mark Roy to third Jared Calhoun to second Runner from 3rd tries for Home, SAFE, throw made home | Batting: RHB Eric Adams | 0-0: Ball 1-0: Ball 2-0: TRIPLE (Flyball, 9D) Jared Calhoun scores Daniel Pineda scores | Batting: RHB Kenny Miller | 0-0: Ball 1-0: Called Strike 1-1: Swinging Strike 1-2: Foul Ball, location: 2F 1-2: Ball 2-2: SINGLE (Groundball, 4MD) Eric Adams scores | Batting: RHB Nelson Wright | 0-0: Ball 1-0: Foul Ball, location: 2F 1-1: Reached on error, E4 (Flyball, 4MD) Kenny Miller to second | Batting: RHB José Isla | 0-0: Ball 1-0: Called Strike 1-1: Called Strike 1-2: Ball 2-2: Fly out, F8 (Flyball, 8RD) | Bottom of the 5th over - 4 runs, 4 hits, 1 error, 2 left on base; Palmyra 1 - Washington DC 4 | TOP OF THE 6TH |
---|
Palmyra Overlords batting - Pitching for Washington DC Hot Sauce : RHP Román Peña | Batting: LHB Chris Hutchison | 0-0: Foul Ball, location: 2F 0-1: Fly out, F7 (Flyball, 7) | Batting: RHB Jesús Salazar | 0-0: Foul Ball, location: 2F 0-1: Called Strike 0-2: Fly out, F9 (Flyball, 89D) | Batting: RHB Enrico Castro | 0-0: Swinging Strike 0-1: Ground out 5-3 (Groundball, 56S) | Top of the 6th over - 0 runs, 0 hits, 0 errors, 0 left on base; Palmyra 1 - Washington DC 4 | BOTTOM OF THE 6TH |
---|
Washington DC Hot Sauce batting - Pitching for Palmyra Overlords : LHP Ramón Sánchez | Pitching: RHP Miguel Vázquez | | Batting: RHB Jesús García | 0-0: Called Strike 0-1: Ball 1-1: Ground out 3-1 (Groundball, 34) | Batting: RHB Mark Roy | 0-0: Ball 1-0: Ball 2-0: Ball 3-0: Called Strike 3-1: SINGLE (Line Drive, 8RS) | Batting: SHB Jared Calhoun | 0-0: Fly out, F3 (Popup, 3SF) | Batting: LHB Jim Hutchinson | 0-0: Foul Ball, location: 2F 0-1: Ball 1-1: Foul Ball, location: 2F 1-2: Ball 2-2: Ball 3-2: Foul Ball, location: 2F 3-2: Strikes out swinging | Bottom of the 6th over - 0 runs, 1 hit, 0 errors, 1 left on base; Palmyra 1 - Washington DC 4 | TOP OF THE 7TH |
---|
Palmyra Overlords batting - Pitching for Washington DC Hot Sauce : RHP Román Peña | Batting: RHB José Gonzáles | 0-0: Called Strike 0-1: Ball 1-1: Ball 2-1: Ground out 6-3 (Groundball, 6) | Batting: RHB Tom Robinson | 0-0: Ball 1-0: Ball 2-0: Swinging Strike 2-1: Swinging Strike 2-2: Ground out 6-3 (Groundball, 6) | Batting: LHB Howard Anderson | 0-0: Called Strike 0-1: Fly out, F7 (Flyball, 7LM) | Top of the 7th over - 0 runs, 0 hits, 0 errors, 0 left on base; Palmyra 1 - Washington DC 4 | BOTTOM OF THE 7TH |
---|
Washington DC Hot Sauce batting - Pitching for Palmyra Overlords : RHP Miguel Vázquez | Batting: RHB Daniel Pineda | 0-0: Foul Ball, location: 2F 0-1: Foul Ball, location: 2F 0-2: Ground out 4-3 (Groundball, 4) | Batting: RHB Eric Adams | 0-0: Ball 1-0: Reached on error, E6 (Groundball, 6) | Batting: RHB Kenny Miller | 0-0: Fly out, F9 (Flyball, 9) | Batting: RHB Nelson Wright | 0-0: Ball 1-0: Called Strike 1-1: SINGLE (Line Drive, 6D) Eric Adams to second | Batting: RHB José Isla | 0-0: Ball 1-0: Ball 2-0: Fly out, F7 (Flyball, 7D) | Bottom of the 7th over - 0 runs, 1 hit, 1 error, 2 left on base; Palmyra 1 - Washington DC 4 | TOP OF THE 8TH |
---|
Palmyra Overlords batting - Pitching for Washington DC Hot Sauce : RHP Román Peña | Batting: SHB Fred Noble | 0-0: Called Strike 0-1: Foul Ball, location: 2F 0-2: Ball 1-2: Foul Ball, location: 2F 1-2: Strikes out swinging | Batting: RHB Rafael Castro | 0-0: Called Strike 0-1: SINGLE (Line Drive, 4MD) | Batting: RHB José Acuña | 0-0: Swinging Strike 0-1: SINGLE (Line Drive, 8LS) Rafael Castro to second | Pitching: LHP Brett French | | Batting: LHB Chris Hutchison | 0-0: Called Strike 0-1: Fielders Choice at 2nd, 5-4 (Groundball, 56) Rafael Castro to third | Pitching: RHP Lyndon Dixon | | Batting: RHB Jesús Salazar | 0-0: Ball Wild Pitch! Rafael Castro scores Chris Hutchison to second 1-0: Foul Ball, location: 2F 1-1: Swinging Strike 1-2: Ball 2-2: Strikes out looking | Top of the 8th over - 1 run, 2 hits, 0 errors, 1 left on base; Palmyra 2 - Washington DC 4 | BOTTOM OF THE 8TH |
---|
Washington DC Hot Sauce batting - Pitching for Palmyra Overlords : RHP Miguel Vázquez | Batting: RHB Jesús García | 0-0: Fly out, F8 (Flyball, 8LD) | Batting: RHB Mark Roy | 0-0: Called Strike 0-1: Ball 1-1: Called Strike 1-2: Fly out, F9 (Flyball, 9D) | Batting: SHB Jared Calhoun | 0-0: Fly out, F8 (Flyball, 8RS) | Bottom of the 8th over - 0 runs, 0 hits, 0 errors, 0 left on base; Palmyra 2 - Washington DC 4 | TOP OF THE 9TH |
---|
Palmyra Overlords batting - Pitching for Washington DC Hot Sauce : RHP Lyndon Dixon | Batting: RHB Enrico Castro | 0-0: Ball 1-0: Ball 2-0: Called Strike 2-1: Ball 3-1: Called Strike 3-2: Strikes out looking | Batting: RHB José Gonzáles | 0-0: Ball 1-0: Swinging Strike 1-1: Ball 2-1: Fly out, F8 (Flyball, 8RD) | Batting: RHB Tom Robinson | 0-0: Ball 1-0: Swinging Strike 1-1: Swinging Strike 1-2: Fly out, F9 (Flyball, 9S) | Top of the 9th over - 0 runs, 0 hits, 0 errors, 0 left on base; Palmyra 2 - Washington DC 4 | |